 Dungeon Crawl Stone Soup version 0.23.2-11-gf996548c65 (webtiles) character file.

Game seed: 4960414406190667595

18 Elsur the Caller (level 2, -1/15 HPs)
             Began as a Deep Elf Summoner on June 6, 2019.
             Slain by a worker ant (8 damage)
             ... on level 4 of the Dungeon.
             The game lasted 00:16:29 (1859 turns).

Elsur the Caller (Deep Elf Summoner)                Turns: 1859, Time: 00:16:30

Health: -1/15      AC:  2    Str:  5    XL:     2   Next: 48%
Magic:  3/8        EV: 13    Int: 19    God:
Gold:   103        SH:  0    Dex: 17    Spells: 4/7 levels left

rFire    . . .     SeeInvis .   d - +0 hunting sling
rCold    . . .     Gourm    .   (no shield)
rNeg     . . .     Faith    .   a - +0 robe
rPois    .         Spirit   .   (no helmet)
rElec    .         Reflect  .   (no cloak)
rCorr    .         Harm     .   (no gloves)
MR       .....                  (no boots)
Stlth    ++........             (no amulet)
HPRegen  0.05/turn              (no ring)
MPRegen  0.11/turn              (no ring)

@: no status effects
A: hooves 2, agile 1
a: no special abilities


You were on level 4 of the Dungeon.
You were not hungry.

You visited 1 branch of the dungeon, and saw 3 of its levels.

You collected 103 gold pieces.

Inventory:

Hand Weapons
 d - a +0 hunting sling (weapon)
 j - a +0 spear
Missiles
 e - 49 bolts
 g - 20 sling bullets (quivered)
Armour
 a - a +0 robe (worn)
 k - a +0 ring mail
Scrolls
 f - 2 scrolls of enchant weapon {unknown}
 l - a scroll of teleportation {unknown}
Potions
 b - a potion of lignification {unknown}
 h - a potion of curing {unknown}
 i - a potion of degeneration {unknown}
Comestibles
 c - a ration


   Skills:
 + Level 2.7 Dodging
 + Level 2.4 Stealth
 + Level 3.4 Spellcasting
 + Level 4.8 Summonings


You had 4 spell levels left.
You knew the following spells:

 Your Spells              Type           Power        Failure   Level  Hunger
a - Summon Small Mammal   Summ           ###.         1%          1    None
b - Call Imp              Summ           ###.....     3%          2    ##.....

Your spell library contained the following spells:

 Spells                   Type           Power        Failure   Level  Hunger
 Call Canine Familiar     Summ           ###.....     6%          3    ###....
 Summon Guardian Golem    Hex/Summ       ##......     16%         3    ###....
 Summon Ice Beast         Ice/Summ       ##......     47%         4    ####...
 Summon Lightning Spire   Summ/Air       ##......     47%         4    ####...


Dungeon Overview and Level Annotations

Branches:
Dungeon (2/15)

Altars:


Innate Abilities, Weirdness & Mutations

You have hoof-like feet.
You are agile. (Dex +2)


Message History

You swap places.
There is an open door here.
You fall through a shaft for 2 floors!
The shaft crumbles and collapses.
Found a stone staircase leading down.
A worker ant comes into view.
Found a dagger.
Casting: Call Imp (safe; 3% risk of failure)
Confirm with . or Enter, or press ? or * to list all spells.
A shadowy apparition takes form in the air.
The worker ant twitches its antennae in your direction.
You swap places.
The worker ant bites you.
Your shadow imp closely misses the worker ant.
The worker ant bites you.
Your shadow imp gestures at the worker ant.
The worker ant writhes in agony!
A giant cockroach comes into view.
The worker ant bites you!
Ouch! That really hurt!
You die...

........########...#
#............#
#.########.#.# #.#
....# #.# ##.### #.#
##.# #.# .##.#
#########.####...#.#
#........5.a@.......
.#####.######.>.#..
#........s##
#..###### # #..#
..... ##..##.# #..#
# #..#


You could see a worker ant, a giant cockroach (sleeping) and a friendly shadow
imp.

Vanquished Creatures
  5 bats (D:1)
  2 kobolds (D:1)
7 creatures vanquished.

Vanquished Creatures (collateral kills)
  A dart slug (D:1)
  A leopard gecko (D:1)
  2 goblins (D:1)
  3 hobgoblins (D:1)
  A bat (D:1)
  2 frilled lizards
  3 kobolds (D:1)
  2 rats
15 creatures vanquished.

Grand Total: 22 creatures vanquished

Notes
Turn   | Place    | Note
-------+----------+-------------------------------------------
     0 | D:1      | Elsur the Deep Elf Summoner began the quest for the Orb.
     0 | D:1      | Reached XP level 1. HP: 10/10 MP: 6/6
   357 | D:1      | Reached XP level 2. HP: 15/15 MP: 5/8
   361 | D:1      | Learned a level 2 spell: Call Imp
   727 | D:1      | Gained mutation: You have large cloven feet. [potion of
                  | mutation]
   727 | D:1      | Gained mutation: You have hoof-like feet. [potion of
                  | mutation]
   727 | D:1      | Gained mutation: You are agile. (Dex +2) [potion of
                  | mutation]
  1830 | D:2      | You fall through a shaft for 2 floors!
  1859 | D:4      | Slain by a worker ant

Action                   || total
-------------------------++-------
Melee: Unarmed           ||    10
       Club              ||     2
       Spear             ||    22
 Fire: Hunting sling     ||     6
 Cast: Summon Small Mamm ||    18
       Call Imp          ||     8
  Use: Potion            ||     1
  Eat: Ration            ||     1
       Chunk             ||     1
Armor: Robe              ||     9
Dodge: Dodged            ||    42
